 Dungeon Crawl Stone Soup version 0.31-a0-949-g57150269e1 (webtiles) character file.

Game seed: 13109032650233864668

485 skwerlee the Chopper (level 6, -11/55 HPs)
             Began as a Minotaur Fighter on Oct 22, 2023.
             Killed from afar by Ijyb (18 damage)
             ... with a bolt of acid
             ... on level 4 of the Dungeon.
             The game lasted 00:08:27 (3637 turns).

skwerlee the Chopper (Minotaur Fighter)             Turns: 3637, Time: 00:08:28

Health: -11/55     AC:  2    Str: 22    XL:     6   Next: 88%
Magic:  5/5        EV: 10    Int:  5    God:
Gold:   227        SH:  4    Dex: 10    Spells: 5/5 levels left

rFire   + . .        a - +0 war axe
rCold   . . .        c - +0 buckler
rNeg    . . .        A - +0 scale mail
rPois   .            (helmet restricted)
rElec   .            n - +0 cloak
rCorr   .            p - +0 pair of gloves
SInv    .            (no boots)
Will    .....        (no amulet) Stlth
                     y - ring of protection from cold
HPRegen 0.29/turn    u - ring of fire
MPRegen 0.09/turn

%: no passive effects
@: corroded
A: horns 2, retaliatory headbutt
a: no special abilities


You were on level 4 of the Dungeon.
You visited 1 branch of the dungeon, and saw 4 of its levels.

You collected 227 gold pieces.

Inventory:

Hand Weapons
 a - a +0 war axe (weapon)
 q - a +3 quarterstaff of chaos
Armour
 c - a +0 buckler (worn)
 n - a +0 cloak (worn)
 p - a +0 pair of gloves (worn)
 A - a +0 scale mail (worn)
Jewellery
 u - a ring of fire (right hand)
 y - a ring of protection from cold (left hand)
Wands
 v - a wand of flame (22)
Scrolls
 e - 2 scrolls of enchant armour {unknown}
 f - 3 scrolls of enchant weapon {unknown}
 g - a scroll of poison {unknown}
 h - 6 scrolls of identify {unknown}
 j - 2 scrolls of blinking {unknown}
 l - 2 scrolls of fear
 m - 2 scrolls of revelation {unknown}
 r - a scroll of teleportation {unknown}
 s - a scroll of vulnerability {unknown}
 w - a scroll of immolation {unknown}
Potions
 d - a potion of might
 i - a potion of attraction {unknown}
 k - 4 potions of curing {unknown}
 o - a potion of invisibility {unknown}
 t - a potion of mutation {unknown}
 x - a potion of haste {unknown}
 z - a potion of resistance {unknown}


   Skills:
 + Level 4.9 Fighting
 + Level 6.3 Axes
 + Level 6.0 Armour
 + Level 1.4 Dodging
 + Level 0.2 Stealth
 - Level 3.8 Shields


You had 5 spell levels left.
You didn't know any spells.
Your spell library contained the following spells:

 Spells                   Type           Power      Damage    Failure   Level
 Anguish                  Hex/Necr       0%         N/A       100%        4
 Cause Fear               Hex            0%         N/A       100%        4
 Enfeeble                 Hex            0%         N/A       100%        7


Dungeon Overview and Level Annotations

Branches:
Dungeon (4/15)
 Temple: D:4-7

Altars:
Cheibriados
Gozag
Okawaru

Annotations:
D:4 Ijyb


Innate Abilities, Weirdness & Mutations

You have a pair of horns on your head.
You reflexively headbutt those who attack you in melee.


Message History

You closely miss Ijyb. Ijyb hits you but does no damage.
You barely miss Ijyb.
Ijyb zaps a wand.
The bolt of acid misses you.
You barely miss Ijyb.
Ijyb zaps a wand.
The bolt of acid hits you. The acid corrodes you!
You hit Ijyb.
Ijyb is lightly wounded.
Ijyb hits you but does no damage. Ijyb hits you with a +0 club.
You hit Ijyb. You headbutt Ijyb, but do no damage.
Ijyb is lightly wounded.
Ijyb hits you with a +0 club.
You closely miss Ijyb. You headbutt Ijyb, but do no damage.
Ijyb is lightly wounded.
Ijyb closely misses you.
You closely miss Ijyb.
Ijyb is lightly wounded.
Ijyb hits you but does no damage. Ijyb hits you with a +0 club.
You closely miss Ijyb.
Ijyb is lightly wounded.
Ijyb hits you with a +0 club.
You hit Ijyb but do no damage.
Ijyb is lightly wounded.
You block Ijyb's attack.
You barely miss Ijyb. You headbutt Ijyb, but do no damage.
Ijyb is lightly wounded.
Ijyb hits you with a +0 club.
You hit Ijyb but do no damage.
Ijyb is lightly wounded.
Ijyb closely misses you.
You hit Ijyb but do no damage.
Ijyb is lightly wounded.
Ijyb zaps a wand.
The bolt of acid hits you!
Ijyb zaps a wand.
The bolt of acid hits you!
* * * LOW HITPOINT WARNING * * *
The acid corrodes you!
Ijyb zaps a wand.
The bolt of acid hits you!
* * * LOW HITPOINT WARNING * * *
The acid corrodes you!
Ijyb zaps a wand.
The bolt of acid misses you.
Ijyb zaps a wand.
The bolt of acid hits you!!
You die...

#...# #...#
#...## ##....##
#..#g..##
##.###...###
##.###......#
##g.##.......##
##.g###.....@..##
##.g##
#.........##
##..##
#..........# #
#..##
#.......รท#)## ##
##.##
##.......)#.##
##. ##.##
#........##.####
#.. #)##
#........###.#.#
##.. w##
#.......## ##..#
#... . ##.....##
#..####...


You could see Ijyb.

Vanquished Creatures
  Sigmund (D:4)
  Crazy Yiuf (D:2)
  2 hounds (D:4)
  An iguana (D:4)
  Robin (D:2)
  7 adders (D:2)
  2 gnolls (D:4)
  3 worms
  A dart slug (D:1)
  4 orcs
  3 ball pythons
  8 endoplasms
  8 giant cockroaches
  11 goblins
  7 hobgoblins
  5 jackals (D:4)
  5 quokkas
  5 bats
  6 frilled lizards
  5 kobolds
  6 rats
92 creatures vanquished.

Notes
Turn   | Place    | Note
-------+----------+-------------------------------------------
     0 | D:1      | skwerlee the Minotaur Fighter began the quest for the Orb.
     0 | D:1      | Reached XP level 1. HP: 19/19 MP: 0/0
   135 | D:1      | Reached XP level 2. HP: 27/27 MP: 1/1
   553 | D:1      | Reached XP level 3. HP: 33/33 MP: 2/2
  1129 | D:2      | Noticed Robin
  1135 | D:2      | Killed Robin
  1136 | D:2      | Reached XP level 4. HP: 38/40 MP: 3/3
  1651 | D:2      | Reached XP level 5. HP: 42/47 MP: 4/4
  1791 | D:2      | Found a runed translucent door.
  1792 | D:2      | Noticed Crazy Yiuf
  2063 | D:2      | Killed Crazy Yiuf
  2064 | D:2      | Reached skill level 5 in Armour
  2161 | D:3      | Found a faded altar of an unknown god.
  2377 | D:3      | Found an opulent altar of Gozag.
  2380 | D:3      | Found a snail-covered altar of Cheibriados.
  2559 | D:3      | Found an iron altar of Okawaru.
  2726 | D:3      | Found a glowing drain.
  3124 | D:4      | Reached skill level 5 in Axes
  3124 | D:4      | Reached skill level 1 in Dodging
  3369 | D:4      | Noticed Sigmund
  3395 | D:4      | Killed Sigmund
  3396 | D:4      | Reached XP level 6. HP: 23/53 MP: 5/5
  3590 | D:4      | Noticed Ijyb
  3637 | D:4      | Killed from afar by Ijyb

Illustrated notes

Levels and vault maps discovered:
D:1:      doesnt_arrival_eight_statues, layout_loops_cross, serial_forest,
          infiniplex_forest_lined_room_, infiniplex_forest_split,
          infiniplex_forest_lined_2, infiniplex_forest_corner_1,
          infiniplex_forest_pool, infiniplex_forest_clump_curved,
          infiniplex_forest_lined_room_, infiniplex_forest_clump_double,
          infiniplex_forest_fountain
D:2:      layout_basic, chequers_serial_rivers_small_b, minmay_close_crescents,
          uniq_robin, uniq_crazy_yiuf_cottage
D:3:      layout_basic, amcnicky_altar_gilded, nicolae_overflow_squiral,
          ebering_ecumenical_altar_hall, cheibrodos_sewer_entry_bend,
          dk_noncrumbling_4, fountainhead, chequers_serial_rivers_room_a,
          lemuel_flame_loot_1
D:4:      layout_cave_pods, tgw_kikubaaqudgha, kennysheep_generic_room_14,
          uniq_ijyb, uniq_eustachio, uniq_sigmund

Skill      XL: |  1  2  3  4  5  6 |
---------------+-------------------+-----
Armour         | 4 5 6 |  6.0
Fighting       | 4 |  4.9
Axes           | 3 4 5 6 |  6.3
Dodging        | 1 |  1.4
Stealth        | |  0.2
Shields        | |  3.8

Action                     |  1- 3 |  4- 6 || total
---------------------------+-------+-------++-------
  Melee: War axe           |    80 |   163 ||   243
         Headbutt          |     7 |    22 ||    29
  Evoke: Wand              |       |     1 ||     1
    Use: Scroll            |       |     1 ||     1
 Armour: Scale mail        |    53 |   117 ||   170
  Dodge: Dodged            |    32 |    71 ||   103
  Block: Buckler           |    17 |    29 ||    46

Table legend: (Time is in decaauts)
 A = Elapsed time spent in this place.
 B = Non-inter-level travel time spent in this place.
 C = Inter-level travel time spent in this place.
 D = Time resting spent in this place.
 E = Time spent auto-exploring this place.
 F = Levels seen in this place.
 G = Mean time per level.
                   A        B        C        D        E       F      G
               +--------+--------+--------+--------+--------+-----+--------+
         Total |   3724 |   3690 |     34 |    271 |   2611 |   4 |  931.0 |
       Dungeon |   3724 |   3690 |     34 |    271 |   2611 |   4 |  931.0 |
               +--------+--------+--------+--------+--------+-----+--------+

Top non-repeatable levels by time:
     D:2: 1292 daAuts
     D:3: 959 daAuts
     D:1: 910 daAuts
     D:4: 561 daAuts
